Map: Acropolis LE

Players

MaSa

  • Race: Terran Terran
  • Spawn Location: 11:00

Astrea - Winner!

  • Race: Protoss Protoss
  • Spawn Location: 5:00

VOD

Have the link to the VOD?

Description

Time

  • Played on: Sept. 6, 2019, 7:34 p.m.
  • Length: 13:46
Show
View Real Time Build Order
Export as new Build Order

MaSa Terran 

Build Orders: Banshee Rush 

Get SALT Encoding   

  12  0:00  SCV  
  13  0:14  Supply Depot  
  13  0:18  SCV  
  14  0:30  SCV  
  15  0:38  Barracks  
  15  0:50  Barracks  
  15  0:55  SCV  
  16  1:03  Refinery  
  16  1:07  SCV  
  17  1:25  Orbital Command, Marine  
  18  1:37  Marine  
  19  1:40  Bunker  
  19  1:43  Marine  
  20  1:49  Supply Depot  
  20  1:55  Marine  
  20  1:56  SCV  
  22  2:05  Marine  
  23  2:11  SCV  
  24  2:23  Marine, SCV  
  24  2:25  Factory  
  25  2:34  Marine  
  25  2:35  SCV  
  27  2:38  Refinery  
  27  2:48  SCV  
  28  2:57  Supply Depot  
  28  3:00  SCV  
  29  3:09  Starport, Factory Tech Lab  
  29  3:13  SCV  
  30  3:25  SCV  
  31  3:32  Factory Reactor  
  31  3:37  Command Center  
  31  3:38  SCV  
  32  3:46  Barracks  
  32  3:51  Banshee  
  35  3:56  Cloaking Field  
  35  4:02  Bunker  
  34  4:04  SCV  
  35  4:16  SCV  
  35  4:21  Marine x2  
  35  4:23  Factory Tech Lab  
  34  4:27  Supply Depot  
  34  4:28  SCV  
  35  4:34  Banshee  
  35  4:35  Marine  
  39  4:38  Supply Depot  
  39  4:48  Marine x2  
  39  4:49  Siege Tank, SCV  
  45  4:53  Orbital Command  
  45  4:57  Barracks Tech Lab  
  45  5:01  SCV  
  45  5:05  Engineering Bay  
  46  5:08  Marine x2  
  46  5:13  SCV  
  49  5:20  Stimpack  
  49  5:21  SCV  
  49  5:25  SCV  
  49  5:26  Marine  
  49  5:28  Orbital Command  
  52  5:35  Marine  
  54  5:37  SCV  
  54  5:39  Banshee  
  54  5:47  Marauder, Marine  
  57  5:50  SCV  
  59  5:57  Marine  
  59  5:58  Missile Turret  
  59  6:02  SCV, Terran Infantry Weapons Level 1  
  61  6:05  Supply Depot, Marine  
  61  6:07  SCV  
  62  6:15  Barracks  
  62  6:22  Refinery  
  62  6:26  SCV x2, Marine  
  62  6:27  Siege Tank  
  62  6:30  Supply Depot  
  62  6:31  Starport Reactor, Marine  
  69  6:33  Supply Depot  
  69  6:39  SCV  
  70  6:41  Supply Depot  
  70  6:52  Marauder, SCV x2, Marine x2  
  70  6:53  Supply Depot  
  76  6:59  Siege Tank  
  79  7:04  Combat Shield, SCV, Supply Depot  
  79  7:05  SCV  
  81  7:09  Marine  
  81  7:12  Supply Depot, Marine  
  81  7:13  Medivac  
  81  7:14  Marauder  
  87  7:16  Supply Depot, SCV  
  87  7:21  Medivac  
  91  7:22  SCV  
  91  7:28  SCV  
  90  7:31  Marine x2  
  90  7:32  Marauder, Concussive Shells  
  90  7:33  Supply Depot  
  90  7:35  SCV  
  94  7:39  Factory Reactor  
  94  7:40  SCV  
  94  7:42  Supply Depot  
  95  7:46  Marauder  
  95  7:47  SCV  
  95  7:49  Marine x2  
  100  7:55  Marauder  
  100  7:56  Medivac  
  104  8:01  SCV  
  104  8:04  SCV  
  106  8:07  Command Center  
  106  8:09  Terran Infantry Armor Level 1  
  106  8:10  Marine x2  
  106  8:12  Marauder  
  110  8:19  SCV  
  111  8:22  Widow Mine  
  111  8:25  SCV  
  111  8:26  Marauder  
  116  8:27  Barracks  
  116  8:28  Barracks, Marine x2  
  116  8:31  SCV  
  118  8:35  Marauder  
  120  8:42  SCV  
  120  8:46  Widow Mine  
  120  8:47  Widow Mine, Marauder, Medivac  
  129  8:52  Viking  
  129  8:53  SCV  
  132  8:55  Marine  
  132  8:57  SCV  
  132  9:01  Supply Depot  
  132  9:02  Supply Depot  
  134  9:03  Marauder  
  115  9:13  Marauder, Marine  
  115  9:16  SCV  
  105  9:18  Medivac  
  105  9:19  Marine  
  105  9:20  Marauder  
  105  9:24  Marauder, Orbital Command  
  107  9:27  SCV  
  107  9:28  Barracks Tech Lab  
  107  9:29  Barracks Reactor  
  110  9:35  Marauder  
  110  9:37  Marine  
  113  9:39  SCV  
  113  9:41  Marauder  
  113  9:43  SCV  
  113  9:44  Marine  
  118  9:46  Widow Mine, Marauder  
  118  9:49  Widow Mine  
  118  9:51  SCV  
  118  9:52  Medivac  
  127  9:55  Orbital Command, Marine  
  127  9:56  Marauder, SCV  
  129  10:03  Refinery  
  129  10:10  SCV  
  129  10:11  Refinery  
  129  10:12  Marine  
  129  10:13  Marauder, Refinery, SCV  
  134  10:17  Widow Mine x2, Marauder, Marine  
  141  10:25  Supply Depot  
  141  10:27  Marine  
  141  10:28  Marauder, SCV  
  145  10:34  Marauder  
  145  10:35  SCV  
  143  10:38  Widow Mine x2, Marine  
  143  10:39  Marauder  
  147  10:46  Armory  
  147  10:50  SCV  
  137  10:58  SCV  
  137  10:59  Widow Mine, Marine  
  137  11:00  Widow Mine, Marauder, SCV  
  131  11:05  SCV  
  131  11:10  SCV  
  130  11:16  SCV  
  122  11:18  Marine x2  
  122  11:19  Marauder x2  
  122  11:21  Widow Mine x2  
  123  11:27  Marauder, Marine  
  123  11:29  Medivac, SCV x2  
  123  11:32  SCV  
  130  11:38  Marine  
  124  11:41  SCV x2  
  124  11:44  SCV  
  126  11:53  SCV, Engineering Bay  
  125  11:56  Widow Mine  
  127  12:03  Ghost Academy  
  128  12:08  SCV x2  
  121  12:16  Marauder, Marine x3  
  121  12:17  Marauder, SCV  
  128  12:23  SCV  
  129  12:31  Marauder, Marine  
  129  12:32  Supply Depot, Command Center  
  129  12:33  Medivac  
  129  12:34  Marine  
  135  12:38  Marauder x2, Marine  
  130  12:44  Marine  
  130  12:48  Marine  
  119  12:51  SCV  
  119  12:52  Marauder, Marine  
  119  12:56  SCV x2, Marine  
  101  12:59  Marauder  
  101  13:00  Marauder  
  101  13:02  Marine  
  101  13:04  SCV  
  87  13:06  Marine  
  87  13:09  Marine  
  70  13:14  Marauder, SCV  
  70  13:26  SCV  
  70  13:33  SCV  
Show
View Real Time Build Order
Export as new Build Order

Astrea Protoss - Winner!

Build Orders: Blink Stalkers 

Get SALT Encoding   

  12  0:00  Probe  
  13  0:13  Probe  
  14  0:17  Pylon  
  14  0:24  Probe  
  15  0:32  Probe  
  15  0:37  Gateway  
  15  0:40  Probe  
  16  0:46  Assimilator  
  17  0:51  Probe  
  18  1:03  Probe  
  19  1:15  Probe  
  20  1:27  Cybernetics Core  
  20  1:28  Probe  
  20  1:31  Zealot  
  20  1:32  Pylon  
  23  1:46  Assimilator  
  23  1:50  Probe  
  24  1:56  Stalker  
  24  1:57  Warp Gate  
  24  2:02  Probe  
  27  2:22  Probe  
  25  2:26  Stalker  
  26  2:34  Probe  
  27  2:39  Gateway  
  27  2:46  Probe  
  27  2:48  Pylon  
  28  2:56  Twilight Council, Stalker  
  30  2:59  Probe  
  31  3:08  Shield Battery  
  31  3:11  Probe  
  31  3:12  Blink  
  32  3:23  Probe  
  33  3:35  Probe  
  34  3:46  Stalker x2  
  34  3:47  Probe  
  39  4:01  Probe  
  38  4:13  Probe  
  38  4:22  Nexus  
  38  4:25  Probe  
  38  4:26  Robotics Facility  
  39  4:33  Pylon  
  39  4:47  Pylon  
  39  4:51  Probe, Stalker x2  
  44  5:03  Probe  
  45  5:11  Observer  
  46  5:15  Probe, Stalker x2  
  51  5:27  Probe  
  49  5:35  Probe  
  47  5:39  Probe  
  45  5:45  Probe  
  45  5:47  Charge  
  46  5:50  Forge  
  46  5:52  Probe  
  46  5:53  Probe  
  46  5:56  Observer  
  48  6:01  Probe  
  48  6:03  Nexus  
  48  6:04  Probe  
  51  6:12  Forge  
  51  6:13  Probe  
  51  6:14  Protoss Ground Armor Level 1  
  51  6:16  Probe  
  53  6:21  Probe  
  54  6:26  Sentry x2  
  54  6:28  Probe  
  54  6:29  Probe  
  59  6:34  Protoss Ground Weapons Level 1  
  59  6:35  Pylon  
  59  6:36  Probe  
  60  6:40  Probe  
  60  6:44  Probe  
  62  6:50  Gateway  
  62  6:52  Probe  
  62  6:54  Gateway  
  64  6:56  Probe  
  65  7:04  Probe  
  65  7:08  Probe  
  67  7:11  Gateway  
  67  7:13  Gateway  
  67  7:16  Probe  
  67  7:20  Probe  
  67  7:21  Probe  
  70  7:28  Probe  
  70  7:32  Probe  
  70  7:33  Probe  
  70  7:36  Warp Prism  
  74  7:37  Gateway x2  
  74  7:40  Probe  
  74  7:41  Probe  
  75  7:44  Probe  
  75  7:49  Probe  
  75  7:52  Probe  
  75  7:57  Probe  
  74  8:00  Probe  
  75  8:09  Zealot x6  
  87  8:14  Immortal  
  87  8:17  Pylon, Probe  
  87  8:19  Pylon  
  92  8:37  Zealot x5  
  102  8:45  Zealot x3  
  101  8:53  Immortal  
  101  9:00  Zealot x2  
  105  9:03  Zealot  
  105  9:06  Zealot  
  105  9:09  Zealot  
  93  9:11  Protoss Ground Armor Level 2  
  93  9:14  Zealot x2  
  93  9:16  Probe x2  
  83  9:21  Probe  
  83  9:22  Immortal  
  84  9:27  Sentry x2, Protoss Ground Weapons Level 2  
  84  9:28  Probe  
  89  9:33  Zealot x4  
  89  9:35  Zealot x2  
  89  9:36  Zealot x3  
  102  9:58  Zealot x3  
  108  10:02  Pylon x2  
  106  10:09  Pylon  
  104  10:19  Zealot x2  
  104  10:20  Zealot  
  104  10:21  Zealot  
  112  10:23  Stalker x4  
  112  10:25  Pylon  
  120  10:31  Pylon  
  116  10:44  Pylon  
  116  10:51  Zealot x5  
  96  11:05  Zealot x2  
  99  11:11  Zealot x6  
  99  11:12  Probe x2  
  99  11:13  Probe  
  112  11:21  Warp Prism  
  112  11:24  Probe  
  112  11:25  Probe x2  
  109  11:36  Zealot x5  
  109  11:37  Probe  
  108  11:57  Pylon  
  108  12:00  Zealot  
  108  12:01  Zealot x7  
  116  12:06  Cybernetics Core  
  116  12:22  Zealot x7  
  130  12:31  Pylon  
  116  12:50  Warp Prism  
  114  12:54  Zealot x8  
  118  13:03  Nexus  
  92  13:19  Sentry x3, Stalker x4  
  89  13:27  Probe x2  
  89  13:32  Probe  
Tags
 
Add a new tag
Caveats
  • Supply blocks, unpowered buildings, or Contaminate may cause inaccurate times.
  • Supply counts are checked every 10 seconds.